 Dungeon Crawl Stone Soup version 0.27.1-2-g3b301248ec (webtiles) character file.

Game seed: 16530378806940784428

1322 Borgoz the Skirmisher (level 8, 0/52 HPs)
             Began as a Gargoyle Berserker on Sept 26, 2021.
             Was a Priest of Trog.
             Slain by a hornet (10 damage)
             ... on level 5 of the Dungeon.
             The game lasted 00:04:49 (5737 turns).

Borgoz the Skirmisher (Gargoyle Berserker)          Turns: 5737, Time: 00:04:50

Health: 0/52       AC:  8    Str: 21    XL:     8   Next: 59%
Magic:  8/8        EV: 13    Int:  8    God:    Trog [***...]
Gold:   235        SH:  0    Dex: 11    Spells: 7/7 levels left

rFire    . . .     SeeInvis .   a - +0 mace
rCold    . . .     Faith    .   (no shield)
rNeg     + . .     Spirit   .   b - +0 animal skin
rPois    ∞         Reflect  .   (no helmet)
rElec    +         Harm     .   (no cloak)
rCorr    .         Rampage  .   (no gloves)
Will     ++...                  (no boots)
Stlth    +.........             (no amulet)
HPRegen  1.17/turn              (no ring)
MPRegen  0.11/turn              (no ring)

@: strong-willed, on berserk cooldown, regenerating, slowed, very slow
A: sickness immunity, AC +5, negative energy resistance 1, electricity
resistance, torment resistance 1, petrification resistance
a: Renounce Religion, Berserk, Trog's Hand


You were on level 5 of the Dungeon.
You worshipped Trog.
Trog was most pleased with you.
You visited 1 branch of the dungeon, and saw 5 of its levels.
You also visited: Sewer.

You collected 235 gold pieces.

Inventory:

Hand Weapons
 a - a +0 mace (weapon)
Armour
 b - a +0 animal skin (worn)
Jewellery
 h - a +6 ring of intelligence
Scrolls
 d - 2 scrolls of holy word {unknown}
 f - 3 scrolls of teleportation {unknown}
 i - 5 scrolls of identify {unknown}
 l - a scroll of enchant weapon {unknown}
 m - a scroll of vulnerability {unknown}
 p - a scroll of amnesia {unknown}
 q - a scroll of immolation {unknown}
 r - a scroll of fear {unknown}
 s - a scroll of fog {unknown}
Potions
 c - 2 potions of haste {unknown}
 e - 4 potions of curing {unknown}
 g - 3 potions of might {unknown}
 j - a potion of flight {unknown}
 k - 2 potions of attraction {unknown}
 n - a potion of heal wounds {unknown}
 o - 2 potions of degeneration {unknown}
 t - a potion of cancellation {unknown}
 u - a potion of brilliance {unknown}
 v - 2 potions of resistance {unknown}


   Skills:
 + Level 6.4 Fighting
 + Level 5.9 Maces & Flails
 + Level 5.9 Armour
 + Level 4.5 Dodging


You had 7 spell levels left.
You didn't know any spells.
Your spell library was empty.

Dungeon Overview and Level Annotations

Branches:
Dungeon (5/15)             Temple (0/1) D:4           Sewer (visited)

Altars:
Fedhas
Gozag

Shops:
D:2 *   D:5 *


Innate Abilities, Weirdness & Mutations

You are immune to sickness and miasma.
Your stone body is resilient. (AC +5)
You are immune to poison.
You resist negative energy. (rN+)
You are resistant to electric shocks. (rElec)
You are resistant to unholy torment.
You are immune to petrification.


Message History

PeterMcNeter's ghost hits you but does no damage.
You miss PeterMcNeter's ghost.
PeterMcNeter's ghost is heavily damaged.
You sock PeterMcNeter's ghost!
PeterMcNeter's ghost is heavily damaged.
PeterMcNeter's ghost hits you.
You closely miss PeterMcNeter's ghost.
PeterMcNeter's ghost is heavily damaged.
PeterMcNeter's ghost hits you but does no damage.
You thump PeterMcNeter's ghost!
PeterMcNeter's ghost is severely damaged.
PeterMcNeter's ghost hits you.
You hit PeterMcNeter's ghost but do no damage.
PeterMcNeter's ghost is severely damaged.
You closely miss PeterMcNeter's ghost.
PeterMcNeter's ghost is severely damaged.
PeterMcNeter's ghost hits you.
You hit PeterMcNeter's ghost.
PeterMcNeter's ghost is almost destroyed.
PeterMcNeter's ghost closely misses you.
You thump PeterMcNeter's ghost!
You destroy PeterMcNeter's ghost!
Trog accepts your kill.
You are no longer berserk.
You are exhausted.
You feel yourself slow down.
You hit the hornet but do no damage. The hornet closely misses you.
The hornet misses you.
You miss the hornet. The hornet stings you. The hornet misses you.
The hornet stings you but does no damage.
You miss the hornet. The hornet stings you! The hornet stings you.
You barely miss the hornet.
The hornet stings you but does no damage.
The hornet closely misses you. The hornet stings you!
* * * LOW HITPOINT WARNING * * *
Okay, then.
Your skin crawls.
You feel strong-willed. The hornet stings you!
You die...

#...........###.########....
#.###.##.............##†....
#.###.##....................
#......[.>.....######.......
#.##'''##..#....####..######
###$$.$y##.####...#####
#..._...#.o# #####
#8.$8$.8##y#
#...$$$∩##@####### ♣♣♣
##.8∩8.##........# ♣♣♣..
#########.####### ♣♣...♣
#.## #.##### ♣._.♣♣
########..# #.....## ♣.♣♣♣
......###.##########..## ♣♣♣
......#.......# ##..#
........#.###.#
###.<########## ......###.#
#.# ###.............#


You could see a hornet and an orc.

Vanquished Creatures
  Pikel (D:4)
  The ghost of PeterMcNeter the Ruffian, an amateur DrTm of Hepliaklqana (D:5)
  Eustachio (D:4)
  A black bear (D:3)
  2 ogres
  A phantom (D:5)
  A killer bee (D:5)
  A jelly (D:5)
  5 adders
  An adder skeleton (D:4)
  3 worms
  3 dart slugs
  2 orcs
  9 ball pythons
  3 bats
  3 endoplasms (D:1)
  5 giant cockroaches
  3 goblins
  4 hobgoblins
  11 jackals
  7 quokkas
  6 frilled lizards
  7 kobolds
  9 rats
90 creatures vanquished.

Vanquished Creatures (others)
  5 plants (Sewer)
5 creatures vanquished.

Grand Total: 95 creatures vanquished

Notes
Turn   | Place    | Note
-------+----------+-------------------------------------------
     0 | D:1      | Borgoz the Gargoyle Berserker began the quest for the Orb.
     0 | D:1      | Reached XP level 1. HP: 14/14 MP: 1/1
    16 | D:1      | You fall into a shaft and drop 1 floor!
    70 | D:2      | Reached XP level 2. HP: 19/19 MP: 2/2
   247 | D:2      | Reached XP level 3. HP: 20/24 MP: 3/3
   487 | D:2      | Found Boenwywi's Assorted Antiques.
  1123 | D:1      | Reached ** piety under Trog
  1145 | D:1      | Reached XP level 4. HP: 17/29 MP: 4/4
  1628 | D:1      | Found a faded altar of an unknown god.
  2642 | D:3      | Reached skill level 4 in Fighting
  3107 | D:3      | Noticed a black bear
  3116 | D:3      | Killed a black bear
  3117 | D:3      | Reached XP level 5. HP: 34/34 MP: 5/5
  3496 | D:4      | Noticed Eustachio
  3496 | D:4      | Noticed Pikel
  3498 | D:4      | Noticed a lemure
  3498 | D:4      | Noticed a lemure
  3498 | D:4      | Noticed a lemure
  3499 | D:4      | Noticed a lemure
  3506 | D:4      | Killed Eustachio
  3507 | D:4      | Reached XP level 6. HP: 39/39 MP: 6/6
  3512 | D:4      | Killed Pikel
  3513 | D:4      | Reached skill level 5 in Fighting
  3513 | D:4      | Reached skill level 5 in Maces & Flails
  3513 | D:4      | Reached XP level 7. HP: 32/44 MP: 7/7
  3689 | D:4      | Reached skill level 5 in Armour
  3807 | D:4      | Found a staircase to the Ecumenical Temple.
  3876 | D:4      | Reached XP level 8. HP: 51/51 MP: 8/8
  4365 | D:5      | Entered Level 5 of the Dungeon
  4536 | D:5      | Reached skill level 6 in Fighting
  4632 | D:5      | Reached *** piety under Trog
  4640 | D:5      | Found a glowing drain.
  4667 | Sewer    | Entered a sewer
  5352 | D:5      | Found a runed translucent gate.
  5352 | D:5      | Found a runed translucent gate.
  5352 | D:5      | Found a runed translucent gate.
  5353 | D:5      | Found an opulent altar of Gozag.
  5355 | D:5      | Noticed PeterMcNeter's ghost (amateur DrTm)
  5356 | D:5      | Noticed a hornet
  5385 | D:5      | Found Rucigede's Retail Resort.
  5562 | D:5      | Found a blossoming altar of Fedhas.
  5732 | D:5      | Killed PeterMcNeter's ghost
  5737 | D:5      | Slain by a hornet

Illustrated notes

Levels and vault maps discovered:
D:1:      amcnicky_arrival_underground_garden, layout_rooms,
          hellmonk_ecumenical_altar_dog_temple
D:2:      layout_basic, serial_shops, nicolae_shop_overgrown_old_shop
D:3:      layout_loops_corners
D:4:      layout_basic, minmay_temple_entry_fiery, uniq_eustachio, uniq_pikel
D:5:      layout_rooms, fedhas_altar_4, portal_sewer_entry_e,
          ebering_ghost_gozag, nicolae_alphabet_shops

Skill      XL: |  1  2  3  4  5  6  7  8 |
---------------+-------------------------+-----
Dodging        | 2 3 4 |  4.5
Armour         | 3 4 5 |  5.9
Fighting       | 4 5 6 |  6.4
Maces & Flails | 4 5 |  5.9

Action                   |  1- 3 |  4- 6 |  7- 9 || total
-------------------------+-------+-------+-------++-------
Melee: Mace              |    70 |    87 |   216 ||   373
Invok: Berserk           |     2 |     4 |     3 ||     9
       Trog's Hand       |       |       |     2 ||     2
 Stab: Sleeping          |       |       |     1 ||     1
Armor: Animal skin       |    27 |    45 |    82 ||   154
Dodge: Dodged            |    65 |    95 |   147 ||   307
